 Dungeon Crawl Stone Soup version 0.27.1-2-g3b301248ec (webtiles) character file.

Game seed: 15769936789065997915

1413 Descartes the Bolt Thrower (level 8, -10/60 (66) HPs)
             Began as a Deep Dwarf Hunter on Oct 3, 2021.
             Was an Initiate of Gozag.
             Mangled by a wight (12 damage)
             ... on level 7 of the Dungeon.
             The game lasted 00:20:50 (5270 turns).

Descartes the Bolt Thrower (Deep Dwarf Hunter)      Turns: 5270, Time: 00:20:52

HP:   -10/60 (66)   AC:  6    Str: 23    XL:     8   Next: 43%
MP:   8/8           EV: 13    Int: 12    God:    Gozag
Gold: 209           SH:  7    Dex: 14    Spells: 6/13 levels left

rFire    + . .     SeeInvis +   b - +2 spear (vorpal)
rCold    + . .     Faith    .   j - +2 buckler {rC+ rF+}
rNeg     . . .     Spirit   .   o - +0 ring mail
rPois    .         Reflect  .   (no helmet)
rElec    .         Harm     .   (no cloak)
rCorr    .         Rampage  .   (no gloves)
Will     +....                  (no boots)
Stlth    +.........             (no amulet)
HPRegen  0.00/turn              y - +6 ring of strength
MPRegen  0.11/turn              D - ring of see invisible

@: drained
A: damage resistance, heal wounds, sense surroundings 1, no regeneration
a: Heal Wounds, Renounce Religion, Potion Petition, Call Merchant, Bribe Branch


You were on level 7 of the Dungeon.
You worshipped Gozag.
Gozag was aware of your devotion.
You visited 2 branches of the dungeon, and saw 8 of its levels.

You collected 301 gold pieces.
You paid 92 gold pieces to Gozag.

Inventory:

Hand Weapons
 a - a +1 hand crossbow
 b - a +2 vorpal spear (weapon)
 d - a +0 falchion
 B - a +0 short sword
Missiles
 f - 135 stones (quivered)
 g - 30 poisoned darts
 p - 7 javelins
 w - 22 bolts
 x - 31 sling bullets
Armour
 c - a +0 leather armour
 j - a +2 buckler of resistance (worn)
 o - a +0 ring mail (worn)
Jewellery
 y - a +6 ring of strength (left hand)
 D - a ring of see invisible (right hand)
Wands
 v - a wand of iceblast (11)
 z - a wand of flame (16)
Scrolls
 h - 3 scrolls of teleportation {unknown}
 i - 8 scrolls of identify {unknown}
 k - a scroll of brand weapon {unknown}
 m - a scroll of enchant armour {unknown}
 s - 2 scrolls of magic mapping {unknown}
 u - 2 scrolls of enchant weapon {unknown}
 A - a scroll of acquirement {unknown}
 C - a scroll of torment {unknown}
Potions
 e - 2 potions of heal wounds {unknown}
 l - a potion of attraction {unknown}
 n - 5 potions of curing {unknown}
 q - a potion of degeneration {unknown}
 r - a potion of flight {unknown}
 t - a potion of cancellation {unknown}
 E - a potion of lignification {unknown}


   Skills:
 - Level 1.7 Fighting
 + Level 6.6 Crossbows
 + Level 4.5 Armour
 + Level 5.2 Dodging
 - Level 1.2 Stealth
 - Level 4.0 Shields
 + Level 3.2 Spellcasting
 + Level 0.9 Translocations
 + Level 4.9 Evocations


You had 6 spell levels left.
You knew the following spells:

 Your Spells              Type           Power      Damage    Failure   Level
a - Blink                 Tloc           N/A        N/A       36%         2
b - Silence               Hex/Air        0%         N/A       100%        5

Your spell library contained the following spells:

 Spells                   Type           Power      Damage    Failure   Level
 Lesser Beckoning         Tloc           2%         N/A       58%         3
 Frozen Ramparts          Ice            2%         1d2       73%         3
 Passage of Golubria      Tloc           N/A        N/A       94%         4
 Ice Form                 Ice/Tmut       1%         N/A       98%         4
 Summon Ice Beast         Ice/Summ       1%         N/A       98%         4
 Manifold Assault         Tloc           4%         N/A       100%        5
 Lehudib's Crystal Spear  Conj/Erth      0%         10d2      100%        8


Dungeon Overview and Level Annotations

Branches:
Dungeon (7/15)             Temple (1/1) D:6

Altars:
Ashenzari
Cheibriados
Dithmenos
Elyvilon
Fedhas
Gozag
Hepliaklqana
Makhleb
Nemelex Xobeh
Okawaru
Qazlal
Trog
Uskayaw
Vehumet
Wu Jian
Yredelemnul
Zin
Jiyva

Annotations:
D:3 3 runed translucent doors, Sopaderocas's ghost, amateur KoEn


Innate Abilities, Weirdness & Mutations

You are resistant to damage.
You can heal yourself by infusing magical energy.
You passively map a small area around you.
You do not regenerate.


Message History

The water moccasin is heavily wounded.
The water moccasin barely misses you. The orc hits you but does no damage.
The wight hits you with a +0 dire flail!
You feel drained. You block the wight's attack. The water moccasin bites you.
You puncture the water moccasin!
The water moccasin is almost dead.
The orc barely misses you.
The water moccasin bites you but does no damage.
The wight hits you with a +0 dire flail.
The wight hits you with a +0 mace!
* * * LOW HITPOINT WARNING * * *
You feel drained. The wight hits you with a +0 mace.
You block the water moccasin's attack. The water moccasin bites you!
* * * LOW HITPOINT WARNING * * *
A yak comes into view.
Found a pair of boots.
The yak bellows!
You hear a bellow!
You feel much better. The water moccasin barely misses you.
The water moccasin bites you but does no damage.
You closely miss the water moccasin.
The water moccasin is almost dead.
You block the water moccasin's attack.
A yak comes into view.
You hit the water moccasin.
The water moccasin is almost dead.
The water moccasin bites you!
* * * LOW HITPOINT WARNING * * *
The wight hits you with a +0 dire flail!
* * * LOW HITPOINT WARNING * * *
The wight closely misses you. You block the water moccasin's attack.
Unknown command.
You hit the water moccasin.
The water moccasin is almost dead.
You block the water moccasin's attack. The wight hits you with a +0 mace.
* * * LOW HITPOINT WARNING * * *
You feel drained.
The wight hits you with a +0 dire flail!
You die...
Your body crumbles into a pile of gold.

* , * #......[... ,
##......... * * ,
........Y * **
#....... , , #.....Y
* #..... , ,
####....# ** *
####.....z@# * ,,
....?...9Sz# ,,
.....?...zo# , ,
........####* ,.+ ,
####...z# ...# , ,
#....# , ...# ,
###....########...#.
,,
......$..............
, ,, ,
.##.....#z.....:.....


You could see 2 yaks, a water moccasin, a gargoyle, 4 wights and an orc.

Vanquished Creatures
  A water moccasin (D:6)
  A sky beast (D:5)
  A necrophage (D:4)
  2 ogres
  A phantom (D:5)
  A wyvern zombie (D:6)
  3 scorpions
  A water moccasin zombie (D:5)
  3 water moccasin skeletons
  A crimson imp (D:3)
  A bullfrog zombie (D:6)
  A centaur skeleton (D:4)
  3 iguanas
  4 orc wizards
  5 adders
  7 gnolls
  A white imp (D:5)
  An ufetubus (D:5)
  An adder skeleton (D:4)
  A worm (D:3)
  3 dart slugs
  13 orcs
  5 bats
  8 endoplasms
  2 giant cockroaches (D:1)
  4 hobgoblins
  3 jackals (D:1)
  2 quokkas
  2 ball pythons
  3 frilled lizards
  4 goblins
  6 kobolds
  3 rats
  A spectral orc (D:6)
99 creatures vanquished.

Notes
Turn   | Place    | Note
-------+----------+-------------------------------------------
     0 | D:1      | Descartes the Deep Dwarf Hunter began the quest for the
                  | Orb.
     0 | D:1      | Reached XP level 1. HP: 19/19 MP: 1/1
   235 | D:1      | Reached XP level 2. HP: 26/26 MP: 2/2
   241 | D:1      | You fall into a shaft and drop 1 floor!
   293 | D:2      | Reached skill level 1 in Armour
   589 | D:1      | Reached skill level 1 in Shields
   643 | D:1      | Reached XP level 3. HP: 29/32 MP: 3/3
  1559 | D:3      | Found a runed translucent gate.
  1560 | D:3      | Found a runed translucent gate.
  1561 | D:3      | Found a runed translucent gate.
  2189 | D:3      | Found a radiant altar of Vehumet.
  2190 | D:3      | Found a burning altar of Makhleb.
  2199 | D:3      | Reached XP level 4. HP: 27/39 MP: 3/5
  2274 | D:3      | Noticed Sopaderocas's ghost (amateur KoEn)
  2654 | D:4      | Noticed an ogre
  2659 | D:3      | Reached skill level 1 in Spellcasting
  2780 | D:3      | Reached skill level 5 in Crossbows
  2821 | D:4      | Reached XP level 5. HP: 45/45 MP: 6/6
  2898 | D:3      | Killed an ogre
  2899 | D:3      | Reached skill level 1 in Evocations
  3149 | D:4      | Noticed a necrophage
  3156 | D:4      | Reached XP level 6. HP: 44/52 MP: 7/7
  3724 | D:5      | Entered Level 5 of the Dungeon
  3789 | D:5      | Reached XP level 7. HP: 56/58 MP: 5/7
  4014 | D:5      | Found a blossoming altar of Fedhas.
  4365 | D:5      | Reached skill level 6 in Crossbows
  4463 | D:6      | Reached XP level 8. HP: 25/66 MP: 8/8
  4502 | D:6      | Found a bloodstained altar of Trog.
  4595 | D:6      | Reached skill level 5 in Dodging
  4665 | D:6      | Learned a level 2 spell: Blink
  4671 | D:6      | Learned a level 5 spell: Silence
  4717 | D:6      | Noticed a manticore
  4808 | D:6      | Found a staircase to the Ecumenical Temple.
  4819 | Temple   | Entered the Ecumenical Temple
  4961 | Temple   | Became a worshipper of Gozag Ym Sagoz the Greedy
  5033 | D:6      | Found a basalt altar of Yredelemnul.
  5075 | D:6      | Found a hide-covered altar of Uskayaw.
  5206 | D:6      | HP: 3/66 [ogre (15)]
  5250 | D:7      | Noticed a gargoyle
  5270 | D:7      | HP: 2/62 [wight (3)]
  5270 | D:7      | Mangled by a wight

Illustrated notes

Levels and vault maps discovered:
D:1:      amcnicky_arrival_abandoned_market, layout_basic
D:2:      layout_loops_ring
D:3:      layout_basic, grunt_temple_overflow_lords_of_destruction,
          gammafunk_ghost_necromancy, minmay_ruptured
D:4:      layout_basic
D:5:      layout_loops_cross, fedhas_altar_3, sigmund_army
D:6:      layout_cave_pools, bloody_trog, yredelemnul_forgotten_temple_becter,
          mainiacjoe_overflow_cross_hatched,
          minmay_temple_entry_drinking_statues, lightli_corner_chamber
D:7:      layout_basic, overflow_temple_1_default
Temple:   pf_slime_end_temple

Skill      XL: |  1  2  3  4  5  6  7  8 |
---------------+-------------------------+-----
Armour         | 1 2 3 4 |  4.5
Shields        | 1 2 3 4 |  4.0
Dodging        | 3 4 5 |  5.2
Spellcasting   | 1 2 3 |  3.2
Crossbows      | 5 6 |  6.6
Evocations     | 1 2 4 |  4.9
Fighting       | |  1.7
Stealth        | |  1.2
Translocations | |  0.9

Action                   |  1- 3 |  4- 6 |  7- 9 || total
-------------------------+-------+-------+-------++-------
Melee: Falchion          |       |   129 |       ||   129
       Short sword       |       |     1 |       ||     1
       Spear             |       |    18 |   195 ||   213
 Fire: Hand crossbow     |    95 |    17 |    20 ||   132
 Abil: Heal Wounds       |       |     9 |    13 ||    22
Armor: Ring mail         |     5 |    50 |    50 ||   105
       Leather armour    |     3 |       |       ||     3
Dodge: Dodged            |     9 |   102 |   146 ||   257
Block: Buckler           |     9 |    71 |    76 ||   156
       Rpst.: Falchion   |       |    29 |       ||    29
